 Dungeon Crawl Stone Soup version 0.21-a0-79-g04744e2 (webtiles) character file.

135 HallandMoats the Skirmisher (level 4, -18/37 HPs)
             Began as a Demonspawn Fighter on June 22, 2017.
             Was an Initiate of Okawaru.
             Demolished by a two-headed ogre
             ... wielding a +0 giant club
              (21 damage)
             ... on level 3 of the Dungeon.
             The game lasted 00:03:52 (3011 turns).

HallandMoats the Skirmisher (Demonspawn Fighter)    Turns: 3011, Time: 00:03:52

Health: -18/37     AC:  7    Str: 16    XL:     4   Next: 97%
Magic:  0/4        EV:  7    Int:  9    God:    Okawaru [......]
Gold:   106        SH:  8    Dex: 14    Spells: 3/3 levels left

rFire    . . .     SeeInvis .   a - +0 flail
rCold    . . .     Gourm    .   c - +0 shield
rNeg     . . .     Faith    .   b - +0 scale mail
rPois    .         Spirit   +   (no helmet)
rElec    .         Reflect  .   (no cloak)
rCorr    .         Harm     .   p - +0 pair of gloves (curse)
MR       .....                  (no boots)
Stlth    ..........             (no amulet)
HPRegen  0.12/turn              (no ring)
MPRegen  0.09/turn              (no ring)

@: no status effects
A: hooves 2, magic shield
a: Renounce Religion


You were on level 3 of the Dungeon.
You worshipped Okawaru.
Okawaru was noncommittal.
You were not hungry.

You visited 1 branch of the dungeon, and saw 3 of its levels.

You collected 106 gold pieces.

Inventory:

Hand Weapons
 a - a +0 flail (weapon)
Armour
 b - a +0 scale mail (worn)
 c - a +0 shield (worn)
 p - a cursed +0 pair of gloves (worn)
Scrolls
 e - a scroll of remove curse {unknown}
 i - a scroll of fog {unknown}
 k - a scroll of fear {unknown}
 m - 5 scrolls of identify {unknown}
 q - a scroll of random uselessness {unknown}
 r - a scroll of enchant weapon {unknown}
 s - a scroll of enchant armour {unknown}
 t - a scroll of teleportation {unknown}
Potions
 d - a potion of might
 h - a potion of curing {unknown}
 n - a potion of resistance {unknown}
 u - a potion of brilliance {unknown}
Comestibles
 f - 4 bread rations
 j - a royal jelly
 l - 2 meat rations
 o - 6 fruits


   Skills:
 * Level 4.2 Fighting
 * Level 2.9 Maces & Flails
 + Level 3.1 Armour
 + Level 1.4 Dodging
 - Level 2.6 Shields
 + Level 0.6 Invocations


You had 3 spell levels left.
You didn't know any spells.

Dungeon Overview and Level Annotations

Branches:
Dungeon (3/15)

Altars:
Elyvilon
Gozag
Okawaru
Uskayaw
Yredelemnul


Innate Abilities, Weirdness & Mutations

You have hoof-like feet.
When hurt, damage is shared between your health and your magic reserves.


Message History

You see here a rat corpse.
You start resting.
Some of the chunks of flesh in your inventory have rotted away.
All of the chunks of flesh in your inventory have rotted away.
HP restored.
There is an escape hatch in the floor here.
There is an escape hatch in the floor here.
You slide downwards.
The hatch slams shut behind you.
The two-headed ogre hits you with a giant club! x3
* * * LOW HITPOINT WARNING * * *
The two-headed ogre closely misses you.
A hobgoblin comes into view.
You hit the hobgoblin. Your kick misses the hobgoblin.
The hobgoblin is heavily wounded.
You block the hobgoblin's attack.
The hobgoblin hits you but does no damage.
The two-headed ogre completely misses you.
The two-headed ogre hits you with a giant club!!
Ouch! That really hurt!
You die...

#.# #.##.# #.# #.##.# #.#
#.##.# #.# #.##.# #######.#
#.# ##.##<# .O......## #.#
#...#.########## ...S...O.#
#.# ##...............
.####.##.# #.#
##O...#.........## # #.#
#.###@###.#..######.## #.#
#.##g## ##.)..........
#.###....# #.....####...
#..†...#.## ##..#.#####..#
######..##.###.#.#.).)....#
..................#######.##
.######.###.....#.# #.# #.#
#.....#.# #.# #.#
###........ >.#


You could see a two-headed ogre and a hobgoblin.

Vanquished Creatures
  A crimson imp (D:3)
  2 adders
  4 worms (D:2)
  3 leopard geckos
  4 orcs (D:3)
  A ball python (D:1)
  4 giant cockroaches
  6 goblins
  7 hobgoblins
  A quokka (D:2)
  10 bats
  5 frilled lizards
  9 kobolds
  7 rats
  8 plants (D:1)
72 creatures vanquished.

Notes
Turn   | Place    | Note
-------+----------+-------------------------------------------
     0 | D:1      | HallandMoats the Demonspawn Fighter began the quest for the Orb.
     0 | D:1      | Reached XP level 1. HP: 18/18 MP: 1/1
   630 | D:1      | Gained mutation: You have large cloven feet. [demonic ancestry]
   630 | D:1      | Reached XP level 2. HP: 20/24 MP: 2/2
  1202 | D:1      | Gained mutation: You have hoof-like feet. [demonic ancestry]
  1202 | D:1      | Reached XP level 3. HP: 28/29 MP: 3/3
  1715 | D:2      | Found a white marble altar of Elyvilon.
  1721 | D:2      | Reached skill level 1 in Dodging
  2018 | D:2      | Found an opulent altar of Gozag.
  2169 | D:2      | Found a hide-covered altar of Uskayaw.
  2301 | D:2      | Gained mutation: When hurt, damage is shared between your health and your magic reserves. [demonic ancestry]
  2301 | D:2      | Reached XP level 4. HP: 37/37 MP: 4/4
  2327 | D:2      | Found an iron altar of Okawaru.
  2327 | D:2      | Found a basalt altar of Yredelemnul.
  2624 | D:2      | Became a worshipper of Warmaster Okawaru
  2767 | D:3      | Reached skill level 4 in Fighting
  2817 | D:3      | Noticed a two-headed ogre
  3011 | D:3      | Demolished by a two-headed ogre

Vault maps used:
D:1:      roderic_crop_circles_arrival_small, minmay_misc_feat_room,
          corexii_hall_statues_s
D:2:      cheibrodos_helix_gallery,
          nicolae_gozag_cash_rules_everything_around_me, elyvilon_altar_3,
          lemuel_round_altar, gammafunk_temple_overflow_elements, first_bread
D:3:      gammafunk_wand_slinger, nicolae_ru_sacrificial_ziggurat,
          old_standard_altar, trog_three_pillars_becter

Skill      XL: |  1  2  3  4 |
---------------+-------------+-----
Maces & Flails | 2 |  2.9
Dodging        | 1 |  1.4
Armour         | 3 |  3.1
Fighting       | 4 |  4.2
Shields        | |  2.6
Invocations    | |  0.6

Action                   |  1- 3 |  4- 6 || total
-------------------------+-------+-------++-------
Melee: Flail             |   354 |    64 ||   418
       Kick              |    41 |    10 ||    51
  Eat: Chunk             |     5 |     3 ||     8
Armor: Scale mail        |   104 |    39 ||   143
Dodge: Dodged            |    73 |    25 ||    98
Block: Shield            |   101 |    19 ||   120
